Map: Ice and Chrome LE

Players

Lambo

  • Race: Zerg Zerg
  • Spawn Location: 1:00

liquidthermy (uThermal) - Winner!

  • Race: Terran Terran
  • Spawn Location: 7:00

Event: DreamHack SC2 Masters 2020 Summer Europe

VOD

Have the link to the VOD?

Description

Time

  • Played on: July 7, 2020, 12:40 p.m.
  • Length: 5:47

All games in this series

Show
View Real Time Build Order
Export as new Build Order

Lambo Zerg 

Build Orders: Hatch First 

Get SALT Encoding   

  12  0:00  Drone  
  13  0:12  Overlord  
  13  0:17  Drone  
  14  0:30  Drone x2  
  16  0:47  Hatchery  
  15  0:51  Drone  
  15  0:54  Drone  
  17  0:58  Drone  
  18  1:08  Extractor  
  17  1:12  Spawning Pool  
  17  1:16  Drone  
  17  1:19  Drone  
  18  1:28  Drone  
  19  1:38  Drone  
  20  1:49  Overlord  
  20  1:59  Queen x2  
  20  2:00  Zergling x4  
  26  2:11  Drone x2  
  26  2:12  Metabolic Boost  
  28  2:20  Drone  
  29  2:24  Drone  
  30  2:35  Hatchery  
  29  2:41  Drone  
  29  2:43  Drone x2  
  31  2:46  Overlord  
  31  2:53  Queen  
  31  2:57  Drone x2  
  35  3:09  Drone x2  
  37  3:14  Drone x2  
  37  3:15  Drone  
  40  3:20  Drone x2  
  40  3:21  Roach Warren  
  41  3:29  Queen  
  41  3:30  Extractor  
  41  3:32  Drone  
  43  3:37  Overlord  
  43  3:38  Overlord  
  43  3:48  Drone  
  44  3:49  Overlord  
  44  3:52  Queen  
  44  3:54  Drone  
  47  4:03  Roach x6  
  47  4:06  Roach  
  47  4:09  Roach  
  63  4:13  Roach  
  63  4:14  Roach  
  67  4:18  Drone  
  67  4:19  Drone  
  69  4:25  Drone  
  69  4:26  Roach  
  69  4:30  Overlord  
  72  4:36  Overlord  
  72  4:41  Drone x3  
  74  4:46  Overlord  
  74  4:48  Overlord  
  74  4:52  Evolution Chamber, Drone x5  
  78  4:53  Drone  
  78  4:54  Drone  
  78  4:57  Drone  
  78  4:58  Drone  
  78  4:59  Drone  
  83  5:03  Baneling Nest  
  83  5:04  Drone  
  83  5:09  Drone x2  
  85  5:14  Roach x3  
  85  5:19  Roach x2  
  89  5:23  Roach x2  
  89  5:26  Zergling x4  
Show
View Real Time Build Order
Export as new Build Order

liquidthermy Terran - Winner!

Build Orders: Reaper Expand 

Get SALT Encoding   

  12  0:01  SCV  
  13  0:13  SCV  
  14  0:17  Supply Depot  
  14  0:26  SCV  
  15  0:38  SCV  
  15  0:39  Barracks  
  16  0:44  Refinery  
  16  0:50  SCV  
  17  1:03  SCV  
  18  1:15  SCV  
  19  1:27  Orbital Command, Reaper  
  20  1:39  Command Center  
  20  1:50  Barracks  
  20  1:53  SCV  
  21  1:59  Barracks Reactor  
  21  2:05  SCV  
  22  2:10  Supply Depot  
  22  2:17  SCV  
  22  2:19  Refinery  
  23  2:31  SCV  
  23  2:36  Factory, Marine x2  
  26  2:38  Barracks Tech Lab  
  26  2:43  SCV  
  27  2:52  Orbital Command  
  27  2:55  Marine x2, SCV  
  27  2:57  Marine  
  31  3:03  Stimpack  
  31  3:07  SCV  
  32  3:12  Marine  
  32  3:13  Marine  
  32  3:15  Marine  
  32  3:18  SCV  
  37  3:20  SCV  
  37  3:25  Starport  
  37  3:27  Factory Reactor  
  37  3:30  SCV  
  37  3:32  Marine, SCV  
  37  3:33  Marine  
  41  3:35  Marine  
  41  3:40  Supply Depot  
  42  3:42  SCV  
  42  3:44  SCV  
  44  3:49  Marine  
  44  3:51  Marine  
  46  3:55  Supply Depot  
  46  4:01  Marine  
  46  4:02  SCV x2  
  49  4:08  Medivac x2  
  49  4:09  Marine  
  54  4:13  Factory Tech Lab  
  54  4:17  Marine, SCV  
  54  4:19  Supply Depot, Marine  
  54  4:20  SCV  
  54  4:21  Refinery  
  58  4:27  Marine  
  58  4:29  SCV  
  60  4:39  Siege Tank  
  60  4:40  Marine  
  60  4:41  Supply Depot  
  60  4:44  SCV  
  64  4:46  Marine  
  64  4:47  Marine  
  64  4:48  Engineering Bay, SCV  
  64  4:49  Barracks  
  64  4:51  Supply Depot  
  67  4:56  SCV  
  67  4:58  Marine  
  67  4:59  Supply Depot  
  69  5:00  SCV  
  69  5:04  Marine  
  69  5:06  Marine  
  72  5:08  SCV  
  72  5:11  Siege Tank  
  75  5:16  Marine  
  75  5:20  SCV  
  75  5:22  Marine, SCV  
  75  5:23  Marine  
  76  5:32  SCV  
  76  5:35  SCV  
Tags
 
Add a new tag
Caveats
  • Supply blocks, unpowered buildings, or Contaminate may cause inaccurate times.
  • Supply counts are checked every 10 seconds.